Map: Port Aleksander LE

Players

NikeDanny

  • Race: Terran Terran
  • Spawn Location: 5:00

Zanarcane - Winner!

  • Race: Terran Terran
  • League: Silver
  • Spawn Location: 11:00

VOD

Have the link to the VOD?

Description

Time

  • Played on: March 14, 2019, 3:17 p.m.
  • Length: 19:43
Show
View Real Time Build Order
Export as new Build Order

NikeDanny Terran 

Build Orders:  

Get SALT Encoding   

  12  0:01  SCV  
  13  0:13  SCV  
  14  0:25  Supply Depot  
  14  0:26  SCV  
  15  0:46  SCV  
  15  0:49  Barracks  
  16  0:52  Refinery  
  16  0:54  Refinery  
  16  0:59  SCV  
  17  1:11  SCV  
  18  1:23  SCV  
  19  1:36  Reaper  
  21  1:41  Supply Depot  
  21  1:42  Orbital Command  
  20  2:05  Barracks  
  20  2:08  Reaper  
  21  2:09  SCV  
  22  2:21  SCV  
  23  2:50  Command Center  
  23  2:54  Marine  
  23  2:58  Barracks Reactor  
  22  3:13  Marine  
  22  3:17  Supply Depot  
  23  3:23  Factory  
  23  3:28  SCV  
  24  3:35  Marine  
  24  3:36  Barracks Tech Lab, Marine  
  24  3:40  SCV, Supply Depot  
  27  3:52  SCV, Supply Depot  
  28  3:56  Marine x2  
  28  3:57  Marauder  
  28  4:00  Stimpack  
  32  4:03  Orbital Command  
  32  4:05  SCV  
  33  4:10  Factory Tech Lab  
  33  4:17  Starport  
  33  4:23  Marine x2  
  35  4:28  SCV  
  36  4:42  SCV x2  
  38  4:53  Engineering Bay  
  38  4:55  Siege Tank, Engineering Bay  
  38  4:58  Marine  
  42  5:09  SCV  
  42  5:10  SCV  
  44  5:15  Medivac  
  44  5:17  Marine  
  44  5:19  Marine  
  48  5:24  Terran Infantry Weapons Level 1  
  48  5:27  Siege Tank  
  48  5:28  SCV x2  
  52  5:35  Missile Turret  
  53  5:40  SCV x2  
  53  5:42  Refinery  
  55  5:45  Refinery  
  55  5:52  Marine x3  
  55  5:57  Supply Depot  
  58  5:59  Terran Infantry Armor Level 1  
  58  6:07  Missile Turret  
  58  6:10  Marine x2  
  60  6:11  Marine  
  61  6:19  Armory  
  61  6:23  Siege Tank  
  64  6:29  Starport Tech Lab  
  64  6:32  Fusion Core  
  64  6:38  Starport  
  64  6:40  SCV  
  64  6:41  SCV  
  66  6:52  Supply Depot  
  66  6:56  Marine x2  
  66  6:57  Supply Depot  
  66  6:59  Marine  
  69  7:05  Siege Tank  
  72  7:14  Marine  
  73  7:17  Starport Tech Lab  
  73  7:37  Siege Tank  
  73  7:39  Battlecruiser  
  82  7:44  Marine  
  82  7:45  Marine x2  
  82  7:47  SCV x2  
  87  7:53  Armory  
  87  7:58  Terran Vehicle Weapons Level 1  
  87  8:10  Marine x2  
  89  8:24  Terran Infantry Weapons Level 2  
  89  8:26  SCV, Command Center  
  90  8:28  SCV  
  90  8:34  Supply Depot  
  91  8:35  Marine  
  91  8:36  Marine  
  93  8:46  Marine  
  94  8:51  Supply Depot  
  94  8:54  Terran Vehicle And Ship Armor Level 1  
  97  8:55  Siege Tank  
  97  8:56  Terran Infantry Armor Level 2  
  63  9:55  Marine x2  
  63  9:56  Marine  
  66  10:00  SCV x2  
  66  10:04  Orbital Command  
  68  10:12  SCV x2  
  70  10:18  Siege Tank  
  73  10:24  Marine x3  
  76  10:30  SCV  
  76  10:31  SCV x2  
  76  10:35  Refinery  
  79  10:40  Supply Depot  
  79  10:43  SCV x2  
  79  10:48  Command Center  
  79  10:49  Marine x3  
  84  10:55  Terran Vehicle And Ship Armor Level 2, Terran Vehicle Weapons Level 2  
  84  11:08  SCV  
  84  11:09  SCV x2, Fusion Core, Barracks  
  87  11:12  Marine x3  
  87  11:15  Supply Depot  
  90  11:25  Siege Tank  
  93  11:28  SCV x2  
  93  11:30  Marine x2  
  93  11:31  Marauder  
  99  11:34  Refinery  
  99  11:35  SCV  
  99  11:38  Supply Depot  
  99  11:39  Supply Depot  
  100  11:40  SCV  
  100  11:42  Terran Infantry Weapons Level 3  
  101  11:49  Medivac x2  
  105  11:56  Barracks  
  105  11:57  Siege Tank  
  98  12:19  Battlecruiser  
  82  12:28  Marine x2  
  82  12:29  Siege Tank, Marine  
  71  12:58  Command Center  
  71  13:00  Marine x2  
  71  13:01  Marine  
  61  13:18  Marine x3  
  56  13:24  Barracks  
  49  13:36  Marine  
  49  13:47  SCV  
  49  13:48  SCV  
  52  13:51  Orbital Command  
  52  13:54  Marine  
  52  14:00  SCV x2  
  54  14:03  Barracks Reactor  
  54  14:04  Barracks Reactor  
  54  14:07  Siege Tank  
  57  14:12  Marine, Barracks  
  57  14:14  Command Center  
  59  14:19  Barracks Reactor  
  58  14:30  Marine  
  59  14:39  Siege Tank  
  62  14:46  SCV x3  
  62  14:47  Marine  
  65  14:58  SCV x2  
  66  15:01  Barracks  
  66  15:05  Marine  
  63  15:17  Barracks Reactor  
  63  15:20  Marine x2  
  59  15:38  Marine x2  
  61  15:49  Marine  
  61  15:54  Factory, Orbital Command  
  61  15:56  Marine x2  
  64  16:05  Marine x2  
  64  16:07  Marine  
  67  16:13  Marine  
  67  16:14  Marine  
  67  16:15  SCV  
  67  16:16  SCV  
  71  16:20  SCV  
  72  16:26  Supply Depot  
  71  16:55  Barracks Tech Lab  
  71  16:58  Supply Depot  
  71  17:01  Supply Depot  
  71  17:02  Factory Tech Lab  
  71  17:13  Refinery  
  71  17:15  Refinery  
  71  17:16  Supply Depot  
  71  17:19  Marine x4  
  71  17:20  SCV x2, Supply Depot  
  77  17:26  Engineering Bay  
  71  17:32  SCV  
  57  17:37  Marine x3  
  57  17:42  Marine x2  
  62  17:46  Siege Tank  
  62  17:50  SCV x2  
  67  17:55  Marine  
  67  17:57  Marine x2  
  70  17:59  Marine  
  70  18:00  Combat Shield, Marauder  
  70  18:02  SCV  
  70  18:03  SCV  
  75  18:10  Sensor Tower  
  75  18:13  Marine  
  75  18:15  SCV  
  77  18:20  Marine  
  77  18:25  Supply Depot  
  78  18:31  Marine x3, Command Center  
  41  18:53  Marine x2  
  41  18:54  Marine x3  
  22  19:05  Siege Tank  
  21  19:11  Marine  
  21  19:12  Marine  
Show
View Real Time Build Order
Export as new Build Order

Zanarcane Terran - Winner!

Build Orders:  

Get SALT Encoding   

  12  0:01  SCV  
  13  0:13  SCV  
  14  0:18  Supply Depot  
  14  0:25  SCV  
  15  0:31  Refinery  
  15  0:43  Barracks  
  15  0:47  SCV  
  16  0:59  SCV  
  17  1:11  SCV  
  18  1:19  Supply Depot  
  18  1:24  SCV  
  19  1:32  Reaper  
  20  1:42  Orbital Command  
  20  1:51  Barracks  
  20  2:04  Reaper  
  21  2:09  SCV  
  22  2:21  SCV  
  23  2:33  SCV  
  24  2:38  Command Center  
  24  2:46  SCV  
  25  3:03  SCV  
  26  3:07  Refinery  
  25  3:12  Marine  
  25  3:15  SCV, Barracks Reactor  
  25  3:17  Factory  
  27  3:25  Engineering Bay  
  27  3:26  Engineering Bay  
  27  3:27  SCV  
  28  3:40  SCV  
  29  3:43  Marine  
  30  3:52  SCV  
  31  3:56  Orbital Command  
  31  4:01  Bunker, Terran Infantry Weapons Level 1, Terran Infantry Armor Level 1  
  32  4:03  Barracks Tech Lab  
  32  4:04  SCV  
  32  4:05  Factory Tech Lab  
  32  4:11  Marine x2  
  34  4:17  Starport  
  34  4:21  SCV  
  35  4:33  SCV  
  35  4:40  Marine x3  
  35  4:41  Siege Tank  
  35  4:45  SCV  
  42  4:51  Supply Depot  
  42  4:55  Supply Depot  
  42  4:56  Starport Reactor  
  42  4:57  SCV  
  43  5:04  Marine  
  44  5:09  SCV  
  44  5:10  Marine  
  44  5:12  Marine  
  47  5:20  Supply Depot  
  47  5:31  Marine, SCV  
  47  5:32  Refinery, Marine  
  50  5:43  SCV  
  51  5:55  SCV, Refinery, Marine x3  
  51  5:57  Siege Tank  
  58  6:13  SCV  
  58  6:15  SCV  
  60  6:22  Armory  
  60  6:23  Armory  
  60  6:29  SCV  
  60  6:32  SCV  
  62  6:35  Stimpack  
  62  6:39  Medivac  
  64  6:41  SCV  
  64  6:44  SCV, Medivac  
  64  6:46  Marine x2  
  70  6:55  Supply Depot  
  70  6:58  Supply Depot  
  70  7:16  Marine  
  70  7:22  SCV x2  
  73  7:24  Terran Infantry Weapons Level 2  
  73  7:26  Terran Infantry Armor Level 2  
  73  7:29  Command Center  
  73  7:32  Marine x2  
  75  7:41  Marine, SCV x2, Barracks  
  75  7:42  Barracks  
  75  7:43  Siege Tank  
  81  7:49  Marine  
  82  7:57  Supply Depot  
  82  8:05  Marine x2, SCV x2  
  86  8:19  Siege Tank, Marine, Medivac, Viking  
  94  8:23  Supply Depot x2  
  94  8:36  Combat Shield  
  94  8:40  SCV x2, Marine x3  
  99  8:46  Terran Vehicle And Ship Armor Level 1, Terran Vehicle Weapons Level 1  
  99  8:53  Siege Tank  
  102  8:56  Barracks Reactor  
  102  8:58  Marine x2  
  102  9:00  Barracks Reactor  
  104  9:07  Orbital Command  
  104  9:08  Refinery  
  104  9:15  Missile Turret  
  99  9:25  Siege Tank  
  80  9:54  Concussive Shells  
  80  9:56  SCV x2  
  80  9:57  Terran Infantry Armor Level 3, Terran Infantry Weapons Level 3  
  82  10:00  Smart Servos  
  82  10:08  SCV  
  82  10:13  Barracks  
  83  10:14  Barracks  
  83  10:16  Barracks  
  83  10:17  Barracks  
  83  10:18  SCV  
  83  10:19  SCV  
  85  10:21  Marine x3  
  85  10:23  Siege Tank  
  85  10:27  Marine x4  
  95  10:39  Marine x3  
  98  10:44  Marine  
  98  10:48  Missile Turret  
  99  10:50  Marine x3, Missile Turret x2  
  99  10:52  Medivac  
  99  10:53  Viking  
  99  10:55  Siege Tank  
  109  10:57  Marine x2  
  109  10:59  Terran Vehicle Weapons Level 2  
  111  11:10  Refinery, Barracks Reactor  
  111  11:11  Barracks Reactor x2  
  111  11:12  Barracks Tech Lab  
  111  11:13  Marine x5  
  111  11:14  Marine  
  117  11:23  SCV x2  
  117  11:24  Marine, SCV  
  121  11:27  Terran Vehicle And Ship Armor Level 2  
  121  11:31  Marine x4  
  125  11:52  Supply Depot x2  
  125  12:10  Marine x2  
  125  12:11  Marine x3  
  125  12:12  Marine x2  
  94  13:16  Marine  
  94  13:17  Marine x9  
  94  13:18  Marine x4  
  94  13:19  Siege Tank  
  109  13:34  Marine, Viking x2  
  109  13:39  Marine x5  
  109  13:40  Marine x6  
  116  13:51  Siege Tank  
  116  13:53  Marine  
  116  13:54  Marine x2  
  122  13:57  Marine x6  
  122  13:58  Marine x3  
  122  14:01  Command Center  
  131  14:04  Viking x2  
  131  14:05  SCV x3  
  131  14:07  Starport  
  138  14:10  Terran Vehicle Weapons Level 3, Terran Vehicle And Ship Armor Level 3  
  138  14:12  Infernal Pre-Igniter  
  138  14:23  Siege Tank  
  141  14:46  Marine  
  141  14:47  Marine x2  
  141  14:49  Marine  
  141  14:50  Marine  
  141  14:51  Marine  
  141  14:52  Marine  
  141  14:53  Marine  
  141  14:55  Marine  
  141  14:56  Marine x2, Medivac  
  141  15:12  Marine x8, Medivac  
  141  15:13  Marine x3  
  154  15:30  Marine x2  
  156  16:32  SCV, Marine x3  
  156  16:33  SCV, Marine x2  
  156  16:34  Marine x4, SCV  
  156  16:35  Siege Tank, SCV, Marine x5  
  156  16:36  Medivac  
  141  16:47  SCV  
  141  16:49  Marine x2  
  141  16:50  Marine  
  141  16:51  Marine x2  
  141  16:52  Marine x5  
  141  16:53  Marine x4  
  156  17:03  Supply Depot  
  156  17:06  Supply Depot x2  
  156  17:24  SCV x2, Marine x6  
  156  17:27  Marine x7  
  156  17:28  Siege Tank, SCV x2  
  174  17:53  Ghost Academy  
  174  17:54  Marine  
  174  17:55  Marine x5, Ghost Academy  
  180  18:18  Command Center  
  180  18:21  Supply Depot  
  180  18:22  Supply Depot  
  180  18:33  SCV  
  180  18:34  Marine  
  180  18:35  Marine, SCV x2  
  180  18:36  Marine  
  180  18:37  Marine x4  
  180  18:38  Marine x2  
  180  18:39  SCV  
  180  18:40  Marine x4  
  180  18:47  SCV  
  155  18:51  Marine x2  
  155  18:52  Siege Tank  
  155  18:53  Marine, Medivac, Viking  
  155  18:54  Marine  
  155  18:55  Marine x2  
  138  19:07  Marine  
  133  19:11  Marine x3  
  133  19:12  Marine x8  
  146  19:24  Marine x2  
  146  19:25  Marine  
Tags
 
League
Silver
Matchup
TvT
Race
Terran
Spawn Locations
Cross Positions
Add a new tag
Caveats
  • Supply blocks, unpowered buildings, or Contaminate may cause inaccurate times.
  • Supply counts are checked every 10 seconds.